 Dungeon Crawl Stone Soup version 0.17.0-28-g6e173f8 (webtiles) character file.

23194 lucasterio the Geomancer (level 13, -1/72 HPs)
             Began as a Gargoyle Earth Elementalist on Nov 28, 2015.
             Was the Champion of Sif Muna.
             Slain by an elephant (11 damage)
             ... on level 5 of the Lair of Beasts on Nov 29, 2015.
             The game lasted 01:36:52 (16979 turns).

lucasterio the Geomancer (GrEE)                    Turns: 16979, Time: 01:36:53

Health: -1/72      AC: 20    Str: 11    XL:     13   Next: 5%
Magic:  11/28      EV: 14    Int: 27    God:    Sif Muna [******]
Gold:   407        SH:  0    Dex: 10    Spells: 6 memorised, 14 levels left

rFire  . . .     SeeInvis .     x - +4 dagger "Morg" {pain, MR+ Int+5}
rCold  . . .     Clarity  .     D - +2 robe
rNeg   + + .     SustAt   .     (no shield)
rPois  ∞         Gourm    .     U - +0 hat
rElec  +         Spirit   .     (no cloak)
rCorr  .         Warding  .     y - +0 pair of gloves
rMut   .         Stasis   .     F - +2 pair of boots
MR     +....                    (no amulet)
Stlth  ++........               P - ring of positive energy
                                H - +3 ring of protection

@: very slightly contaminated, hasted, very quick, somewhat resistant to hostile
enchantments, unstealthy
A: negative energy resistance 1, electricity resistance, unbreathing,
petrification resistance, rot immunity, AC +9
a: Channel Energy, Forget Spell, Renounce Religion


You were on level 5 of the Lair of Beasts.
You worshipped Sif Muna.
Sif Muna was exalted by your worship.
You were not hungry.

You visited 3 branches of the dungeon, and saw 15 of its levels.

You collected 947 gold pieces.
You spent 540 gold pieces at shops.

Inventory:

Hand Weapons
 x - the +4 dagger "Morg" (weapon) {pain, MR+ Int+5}
   (You took it off an orc on level 4 of the Dungeon)

   In the hands of one skilled in necromantic magic, it inflicts extra damage on
   living creatures.
   It affects your intelligence (+5).
   It affects your resistance to hostile enchantments.
Missiles
 b - 275 stones (quivered)
Armour
 y - a +0 pair of gloves (worn)
 D - a +2 robe (worn)
 F - a +2 pair of boots (worn)
 J - the +5 chain mail "Ofaoveiw" {rCorr Slay+3, unknown}
   (You found it on level 5 of the Lair of Beasts)

   It affects your accuracy and damage with ranged weapons and melee attacks
   (+3).
   It protects you from acid and corrosion.
 U - a +0 hat (worn)
Magical Staves
 V - an uncursed staff of energy
Jewellery
 a - an uncursed ring of flight
 H - a +3 ring of protection (left hand)
 P - a ring of positive energy (right hand)
Wands
 M - a wand of flame (18)
 Z - a wand of lightning (6)
Scrolls
 c - a scroll of torment {unknown}
 g - 7 scrolls of identify
 h - 2 scrolls of immolation {unknown}
 j - 2 scrolls of amnesia {unknown}
 l - a scroll of recharging {unknown}
 n - a scroll of silence {unknown}
 o - 2 scrolls of teleportation {unknown}
 p - 8 scrolls of remove curse
 s - 5 scrolls of noise
 v - 3 scrolls of fog {unknown}
 z - 3 scrolls of enchant armour
 C - a scroll of blinking {unknown}
 G - 2 scrolls of magic mapping {unknown}
 N - a scroll of fear {unknown}
Potions
 f - 4 potions of heal wounds
 i - 4 potions of curing
 k - 5 potions of agility
 q - 5 potions of might
 r - a potion of invisibility {unknown}
 t - a potion of cancellation {unknown}
 u - 2 potions of haste
 w - 5 potions of mutation
 B - 2 potions of ambrosia {unknown}
 E - 2 potions of degeneration {unknown}
 I - 4 potions of poison
 L - a potion of flight {unknown}
 S - a potion of berserk rage {unknown}
 W - a potion of lignification {unknown}
Books
 e - Sif Muna's Compendium of Earthen Arcane Weapons
   (Sif Muna gifted it to you on level 2 of the Lair of Beasts)

   Spells                             Type                      Level
   a - Sting                          Conjuration/Poison           1
   b - Flame Tongue                   Conjuration/Fire             1
   c - Leda's Liquefaction            Hexes/Earth                  4
   d - Irradiate                      Conjuration/Transmutation    5
   e - Iron Shot                      Conjuration/Earth            6
 m - Sif Muna's Collected Works on the Creative Voyage
   (Sif Muna gifted it to you on level 3 of the Lair of Beasts)

   Spells                             Type                      Level
   a - Apportation                    Translocation                1
   b - Gell's Gravitas                Hexes/Translocation          3
   c - Summon Ice Beast               Ice/Summoning                4
   d - Passage of Golubria            Translocation                4
   e - Aura of Abjuration             Summoning                    5
 A - a book of Summonings

   Spells                             Type                      Level
   a - Recall                         Summoning/Translocation      3
   b - Aura of Abjuration             Summoning                    5
   c - Shadow Creatures               Summoning                    5
   d - Summon Demon                   Summoning                    5
   e - Summon Forest                  Summoning/Translocation      5
   f - Summon Mana Viper              Hexes/Summoning              5
 K - a book of Hinderance

   Spells                             Type                      Level
   a - Confusing Touch                Hexes                        2
   b - Confuse                        Hexes                        3
   c - Gell's Gravitas                Hexes/Translocation          3
   d - Petrify                        Transmutation/Earth          4
   e - Metabolic Englaciation         Hexes/Ice                    5
 O - a book of Power

   Spells                             Type                      Level
   a - Fulminant Prism                Conjuration/Hexes            4
   b - Iskenderun's Mystic Blast      Conjuration                  4
   c - Venom Bolt                     Conjuration/Poison           5
   d - Bolt of Magma                  Conjuration/Fire/Earth       5
   e - Iron Shot                      Conjuration/Earth            6
   f - Orb of Destruction             Conjuration                  7
   g - Spellforged Servitor           Conjuration/Summoning        7
Comestibles
 d - 7 chunks of flesh
 Q - 32 fruits


   Skills:
 - Level 5.2 Fighting
 + Level 6.1 Dodging
 - Level 2.1 Stealth
 * Level 11.1 Spellcasting
 * Level 11.8 Conjurations
 - Level 0.7 Transmutations
 - Level 4.1 Fire Magic
 * Level 12.7 Earth Magic


You had 14 spell levels left.
You knew the following spells:

 Your Spells              Type           Power        Failure   Level  Hunger
a - Sandblast             Erth           ######       1%          1    None
b - Stoneskin             Trmt/Erth      ######..     1%          2    None
c - Stone Arrow           Conj/Erth      ######       1%          3    None
d - Lee's Rapid Deconstr  Erth           ######....   1%          5    ###....
e - Iskenderun's Mystic   Conj           ######..     1%          4    None
f - Bolt of Magma         Conj/Fire/Erth ######....   2%          5    ###....


Dungeon Overview and Level Annotations

Branches:
Dungeon (9/15)             Temple (1/1) D:5            Lair (5/8) D:9
 Spider (0/4) Lair:4          Orc (0/4) D:9
  Swamp: Lair:3-6    Shoals: Lair:3-6

Altars:
Ashenzari
Cheibriados
Dithmenos
Elyvilon
Fedhas
Gozag
Kikubaaqudgha
Makhleb
Nemelex Xobeh
Okawaru
Qazlal
Ru
Sif Muna
Trog
Vehumet
Xom
Yredelemnul
Zin
The Shining One

Shops:
D:6 =   D:8 :

Annotations:
Lair:5 Kirke


Innate Abilities, Weirdness & Mutations

You are resistant to torment.
Your stone body is resilient (AC +9).
You are immune to poison.
You resist negative energy.
You are resistant to electric shocks.
You can survive without breathing.
You are immune to petrification.
You are immune to rotting.


Message History

* * * LOW HITPOINT WARNING * * *
The harpy claws you.
* * * LOW HITPOINT WARNING * * *
The harpy closely misses you. x2
The harpy screeches! x2
The harpy disappears in a puff of smoke!
The harpy claws you but does no damage. x2
The harpy screeches!
The harpy closely misses you. The harpy claws you but does no damage.
The harpy barely misses you. The harpy closely misses you.
The iguana misses you. The harpy misses you.
The harpy claws you but does no damage.
The harpy disappears in a puff of smoke!
Found a scroll of identify.
You see here a scroll of identify.
You enter the shallow water.
Moving in this stuff is going to be slow.
Some of the chunks of flesh in your inventory have rotted away.
The elephant tramples you!
You die...

#.........#### ###............
#............###..PP...........
#.....F?.h....................
#.#....#.P....≈≈≈≈≈...........
##....#.####.≈≈≈≈≈≈≈......<...
#.#.###### #h≈≈≈≈≈≈≈≈.........
##..###..###≈≈≈≈≈≈≈≈≈≈........
#...#..P##≈.≈≈≈≈≈≈≈≈≈........
#......###(.@Y.≈.≈≈≈.........
#....F..###..Y.<..≈≈≈....####
#..........###.......÷...P##
#........Y.Y##.#.........##
#.............##.#.......#
##.............###P....P##
#..............##.......#
##..............##.....##
........##..........#.#


You could see 2 elephants and a hog.

Vanquished Creatures
  Gastronok (Lair:1)
  A hydra (Lair:3)
  Sonja (Lair:1)
  An orb spider (Lair:4)
  3 torpor snails (Lair:2)
  2 komodo dragons
  9 spiny frogs
  A fire drake (Lair:3)
  A two-headed ogre (D:8)
  A troll (D:9)
  A polar bear (Lair:3)
  10 blink frogs
  Sigmund (D:5)
  2 deep elf magi (D:9)
  8 hippogriffs
  21 yaks
  Eustachio (D:5)
  3 hogs
  2 basilisks
  Menkaure (D:5)
  6 wolves
  3 water moccasins
  3 sky beasts
  6 black bears
  6 porcupines
  2 phantoms
  3 ice beasts
  4 centaurs
  7 crocodiles
  2 ogres
  A big kobold (D:8)
  2 gnoll sergeants
  7 giant frogs
  A wyvern skeleton (D:6)
  7 scorpions
  20 killer bees
  9 hounds
  6 electric eels
  6 crimson imps
  2 jellies
  2 orc priests (D:5)
  2 giant frog skeletons
  6 iguanas
  13 worker ants
  7 orc wizards
  A killer bee zombie (D:9)
  Robin (D:4)
  9 gnolls
  7 adders
  8 river rats (Lair:2)
  2 shadow imps
  2 oozes (D:1)
  4 adder skeletons
  3 worms
  4 giant geckos
  38 orcs
  3 ball pythons
  11 bats
  6 giant cockroaches
  12 goblins
  9 hobgoblins
  8 jackals
  5 kobolds
  A giant cockroach zombie (D:5)
  6 giant newts
  A jackal skeleton (D:4)
  7 quokkas
  2 quokka skeletons
  A quokka zombie (D:6)
  6 rats
  A butterfly (Lair:3)
  2 fungi (D:3)
364 creatures vanquished.

Vanquished Creatures (others)
  6 fungi
  3 plants
9 creatures vanquished.

Grand Total: 373 creatures vanquished

Notes
Turn   | Place    | Note
--------------------------------------------------------------
     0 | D:1      | lucasterio the Gargoyle Earth Elementalist began the quest for the Orb.
     0 | D:1      | Reached XP level 1. HP: 10/10 MP: 3/3
   313 | D:1      | Reached skill level 4 in Earth Magic
   313 | D:1      | Reached XP level 2. HP: 12/15 MP: 5/5
   776 | D:1      | Reached XP level 3. HP: 13/19 MP: 4/6
   780 | D:1      | Learned a level 2 spell: Stoneskin
   784 | D:1      | Learned a level 3 spell: Stone Arrow
  1226 | D:2      | Reached skill level 1 in Conjurations
  1403 | D:2      | Found a white marble altar of Elyvilon.
  1630 | D:3      | Reached skill level 5 in Earth Magic
  1630 | D:3      | Reached XP level 4. HP: 24/24 MP: 7/7
  2348 | D:4      | Reached XP level 5. HP: 24/28 MP: 7/9
  2755 | D:4      | Found a shimmering altar of Xom.
  2792 | D:4      | Noticed Robin
  2809 | D:4      | Killed Robin
  2982 | D:4      | Reached XP level 6. HP: 32/32 MP: 0/10
  3322 | D:5      | Entered Level 5 of the Dungeon
  3343 | D:5      | Found an ancient bone altar of Kikubaaqudgha.
  3344 | D:5      | Noticed Menkaure
  3364 | D:5      | Killed Menkaure
  3364 | D:5      | Reached skill level 5 in Conjurations
  3364 | D:5      | Reached skill level 6 in Earth Magic
  3364 | D:5      | Reached XP level 7. HP: 7/36 MP: 0/12
  3849 | D:5      | Found a staircase to the Ecumenical Temple.
  3923 | D:5      | Reached skill level 7 in Earth Magic
  3994 | Temple   | Entered the Ecumenical Temple
  4119 | Temple   | Became a worshipper of Sif Muna the Loreminder
  4215 | D:5      | Reached XP level 8. HP: 13/41 MP: 3/14
  4518 | D:5      | Noticed Sigmund
  4614 | D:5      | Killed Sigmund
  4625 | D:5      | Reached * piety under Sif Muna
  4750 | D:5      | Reached skill level 8 in Earth Magic
  4771 | D:5      | Noticed Eustachio
  4776 | D:5      | Killed Eustachio
  4789 | D:5      | Reached skill level 5 in Spellcasting
  5081 | D:5      | Learned a level 5 spell: Lee's Rapid Deconstruction
  5365 | D:6      | Reached ** piety under Sif Muna
  5401 | D:6      | Found a stormy altar of Qazlal.
  5477 | D:6      | Reached XP level 9. HP: 45/45 MP: 10/17
  5510 | D:6      | Reached skill level 9 in Earth Magic
  5738 | D:6      | Found Jaboupemm's Jewellery Emporium.
  5962 | D:6      | Reached skill level 1 in Fighting
  6486 | D:7      | Found a bloodstained altar of Trog.
  7191 | D:8      | Found Itzar's Book Shop.
  7232 | D:8      | Reached *** piety under Sif Muna
  7727 | D:8      | Reached XP level 10. HP: 54/56 MP: 13/20
  8103 | D:9      | Reached skill level 10 in Earth Magic
  8492 | D:9      | Found a staircase to the Orcish Mines.
  8501 | D:9      | Reached skill level 5 in Fighting
  8507 | D:9      | Found a staircase to the Lair.
  8617 | D:9      | Reached **** piety under Sif Muna
 10021 | D:8      | Bought a book of Power for 540 gold pieces
 10026 | D:8      | Learned a level 4 spell: Iskenderun's Mystic Blast
 10032 | D:8      | Learned a level 5 spell: Bolt of Magma
 10059 | Lair:1   | Entered Level 1 of the Lair of Beasts
 10076 | Lair:1   | Reached XP level 11. HP: 45/64 MP: 2/23
 10264 | Lair:1   | Noticed Gastronok
 10288 | Lair:1   | Killed Gastronok
 10288 | Lair:1   | Reached ***** piety under Sif Muna
 10288 | Lair:1   | Reached skill level 1 in Fire Magic
 10607 | Lair:1   | Noticed Sonja
 10650 | Lair:1   | Killed Sonja
 10650 | Lair:1   | Reached skill level 11 in Earth Magic
 11600 | Lair:2   | Reached skill level 10 in Conjurations
 11754 | Lair:2   | Reached skill level 5 in Dodging
 11904 | Lair:2   | Reached ****** piety under Sif Muna
 12055 | Lair:2   | Received a gift from Sif Muna
 12068 | Lair:2   | Identified Sif Muna's Compendium of Earthen Arcane Weapons (Sif Muna gifted it to you on level 2 of the Lair of Beasts)
 12403 | Lair:2   | Reached XP level 12. HP: 68/68 MP: 15/25
 12412 | Lair:2   | Reached skill level 10 in Spellcasting
 12780 | Lair:2   | Found a snail-covered altar of Cheibriados.
 13979 | Lair:3   | Noticed a four-headed hydra
 13985 | Lair:3   | Killed a four-headed hydra
 13988 | Lair:3   | Received a gift from Sif Muna
 13991 | Lair:3   | Identified Sif Muna's Collected Works on the Creative Voyage (Sif Muna gifted it to you on level 3 of the Lair of Beasts)
 14165 | Lair:3   | Reached skill level 12 in Earth Magic
 15716 | Lair:4   | Found a hole to the Spider Nest.
 16580 | Lair:5   | Noticed Kirke
 16593 | Lair:4   | Reached XP level 13. HP: 61/72 MP: 11/28
 16725 | Lair:5   | Got a brightly glowing chain mail
 16979 | Lair:5   | Slain by an elephant

Action                   |  1- 3 |  4- 6 |  7- 9 | 10-12 | 13-15 || total
-------------------------+-------+-------+-------+-------+-------++-------
Melee: Mace              |    40 |   100 |       |       |       ||   140
       Unarmed           |    10 |       |       |       |       ||    10
       Dagger            |       |    85 |    98 |   146 |       ||   329
Throw: Stone             |       |       |       |     1 |       ||     1
 Cast: Sandblast         |    46 |    34 |    81 |   125 |       ||   286
       Stone Arrow       |       |    18 |    94 |   297 |    26 ||   435
       Iskenderun's Myst |       |       |       |     2 |       ||     2
       Lee's Rapid Decon |       |       |       |     7 |       ||     7
Invok: Channel Energy    |       |       |       |    40 |       ||    40
Evoke: Wand              |       |       |       |    12 |       ||    12
  Use: Scroll            |       |       |     1 |     9 |     1 ||    11
       Potion            |       |       |       |       |     2 ||     2
 Stab: Sleeping          |     3 |     3 |       |     1 |       ||     7
  Eat: Chunk             |     3 |     7 |    11 |    20 |     1 ||    42
       Meat ration       |       |       |     1 |     3 |       ||     4
